 Dungeon Crawl Stone Soup version 0.22-a0-271-gc000056 (webtiles) character file.

31 Klosterheim the Chucker (level 3, -4/28 HPs)
             Began as a Formicid Hunter on Mar 12, 2018.
             Slain by a worm (11 damage)
             ... on level 2 of the Dungeon.
             The game lasted 00:01:59 (981 turns).

Klosterheim the Chucker (Formicid Hunter)            Turns: 981, Time: 00:02:00

Health: -4/28      AC:  3    Str: 17    XL:     3   Next: 40%
Magic:  3/3        EV: 12    Int: 10    God:
Gold:   20         SH:  0    Dex: 11    Spells: 2/2 levels left

rFire    . . .     SeeInvis +   a - +0 short sword
rCold    . . .     Gourm    .   (no shield)
rNeg     . . .     Faith    .   b - +0 leather armour
rPois    .         Spirit   .   (helmet unavailable)
rElec    .         Reflect  .   (no cloak)
rCorr    .         Harm     .   (no gloves)
MR       .....                  (no boots)
Stlth    ++........             (no amulet)
HPRegen  0.09/turn              (no ring)
MPRegen  0.08/turn              (no ring)

@: no status effects
A: permanent stasis, dig shafts and tunnels, four strong arms, antennae 3
a: Dig, Shaft Self


You were on level 2 of the Dungeon.
You were not hungry.

You visited 1 branch of the dungeon, and saw 2 of its levels.

You collected 20 gold pieces.

Inventory:

Hand Weapons
 a - a +0 short sword (weapon)
Missiles
 c - 6 javelins (quivered)
 d - 2 throwing nets
Armour
 b - a +0 leather armour (worn)
Scrolls
 h - 2 scrolls of remove curse {unknown}
 i - a scroll of magic mapping {unknown}
 m - a scroll of fear {unknown}
Potions
 e - a potion of haste {unknown}
 j - 2 potions of agility {unknown}
 k - 2 potions of curing {unknown}
 l - a potion of lignification {unknown}
Comestibles
 f - 4 rations
 g - 3 chunks of flesh


   Skills:
 + Level 2.7 Fighting
 * Level 1.8 Short Blades
 - Level 4.0 Throwing
 - Level 1.7 Dodging
 + Level 2.2 Stealth


You had 2 spell levels left.
You didn't know any spells.

Dungeon Overview and Level Annotations

Branches:
Dungeon (2/15)

Altars:

Annotations:
D:2 1 runed door


Innate Abilities, Weirdness & Mutations

You cannot be hasted, slowed, berserked, paralysed or teleported.
You can dig through walls and to a lower floor.
Your four strong arms can wield two-handed weapons with a shield.
You have a pair of large antennae on your head. (SInv)


Message History

The leopard gecko bites you but does no damage.
The leopard gecko closely misses you. The worm barely misses you.
The leopard gecko bites you. The leopard gecko bites you. The worm misses you.
The leopard gecko bites you. The leopard gecko bites you. The worm bites you.
The leopard gecko closely misses you. The leopard gecko closely misses you.
The worm bites you. The leopard gecko misses you.
The leopard gecko bites you but does no damage.
The worm bites you.
* * * LOW HITPOINT WARNING * * *
The leopard gecko bites you.
* * * LOW HITPOINT WARNING * * *
The leopard gecko completely misses you.
The worm closely misses you. The leopard gecko barely misses you.
The leopard gecko closely misses you. The worm barely misses you.
The leopard gecko barely misses you. The leopard gecko misses you.
The worm bites you!
You die...

{ { ##########
#w@......#
......l######.####
...###. #.....# .
#. ####.....# #.
#........# #.
#.##.....# #.
#>##........
#.##.###.######
#........#


You could see a worm and a leopard gecko.

Vanquished Creatures
  An adder (D:2)
  A worm (D:2)
  A dart slug (D:1)
  2 bats (D:1)
  3 goblins (D:1)
  2 hobgoblins
  5 kobolds
  2 rats (D:2)
17 creatures vanquished.

Notes
Turn   | Place    | Note
-------+----------+-------------------------------------------
     0 | D:1      | Klosterheim the Formicid Hunter began the quest for the Orb.
     0 | D:1      | Reached XP level 1. HP: 16/16 MP: 1/1
   257 | D:1      | Reached XP level 2. HP: 15/23 MP: 2/2
   283 | D:1      | Reached skill level 1 in Short Blades
   731 | D:1      | You fall through a shaft!
   741 | D:2      | Reached XP level 3. HP: 27/28 MP: 3/3
   785 | D:2      | Found a runed door.
   981 | D:2      | Slain by a worm

Vault maps used:
D:1:      lemuel_arrival_behind_the_door_large, minmay_tall_x
D:2:      chequers_temple_overflow_statue_of_worship, overflow_temple_1_default,
          ashenzari_conservatory_becter, st_stairs_1, grunt_decor_fettered,
          kennysheep_nondescript, uniq_crazy_yiuf_cottage

Skill      XL: |  1  2 |
---------------+-------+-----
Short Blades   | 1 |  1.8
Stealth        | 2 |  2.2
Fighting       | |  2.7
Throwing       | |  4.0
Dodging        | |  1.7

Action                   || total
-------------------------++-------
Melee: Short sword       ||    66
 Stab: Sleeping          ||     4
Armor: Leather armour    ||    17
Dodge: Dodged            ||    53

Table legend:
 A = Spawn XP
 B = Non-spawn XP
 C = Spawn XP percentage of total XP
 D = Spawn monster count
 E = Non-spawn monster count
 F = Spawn count percentage of total count
 G = Total turns spent on level
                    A         B        C        D         E        F      G
               +---------+---------+-------+---------+---------+-------+---------
         Total |       0 |      45 |   0.0 |       0 |      17 |   0.0 |   981
               +---------+---------+-------+---------+---------+-------+---------
           D:1 |       0 |      20 |   0.0 |       0 |      11 |   0.0 |   731
           D:2 |       0 |      25 |   0.0 |       0 |       6 |   0.0 |   250
               +---------+---------+-------+---------+---------+-------+---------
